[Event "*** Titled Tuesday Blitz"]
[Site "Chess.com"]
[Date "2019.08.06"]
[Round "10"]
[White "GianmarcoVaR"]
[Black "GM_shahin"]
[Result "0-1"]
[WhiteElo "2569"]
[BlackElo "2863"]
[TimeControl "180+2"]
[EndTime "15:20:17 PDT"]
[Termination "GM_shahin won by resignation"]

1. d4 Nf6 2. c4 e6 3. g3 d5 4. Bg2 dxc4 5. Nf3 Bb4+ 6. Bd2 a5 7.
Qc2 Bxd2+ 8. Qxd2 c6 9. Ne5 b5 10. Nxc6 Qb6 11. Ne5 Bb7 12. O-O Bxg2 13. Kxg2 Nc6 14.
Nc3 Nxd4 15. Rfd1 Rd8 16. Qe3 O-O 17. f3 Nd5 18. Nxd5 Rxd5 19. Rd2 Qd6 20. f4 Nf5 0-1

[Event "*** Titled Tuesday Blitz"]
[Site "Chess.com"]
[Date "2019.08.06"]
[Round "10"]
[White "pandamaster3000"]
[Black "Vadim_Biliy"]
[Result "1-0"]
[WhiteElo "2307"]
[BlackElo "2206"]
[TimeControl "180+2"]
[EndTime "15:20:19 PDT"]
[Termination "pandamaster3000 won by resignation"]

1. e4 d6 2. d4 Nf6 3. Nc3 g6 4.
Nf3 Bg7 5. Be2 O-O 6. h3 Nc6 7. d5 Nb8 8. O-O c6 9. Be3 a6 10. Qd2 b5 11. a3 Bb7 12. Rad1 Qc7 13. Kh1 Nbd7 14. Rfe1 Nb6 15. dxc6 Bxc6 16. Bd3 Nc4 17. Bxc4 bxc4 18. Bd4 e5 19. Be3 Rfd8 20. Bg5 Rd7 21. Bxf6 Bxf6 22. Nd5 Bd8 23. Nxc7 Bxc7 24. Kg1 Rb8 25.
Qc3 Bb5 26. Nd2 Bb6 27. Nxc4 Rc7 28. b3 Bd4 29. Rxd4 exd4 30. Qxd4 Bxc4 31. bxc4 Rbc8 32.
Qxd6 Rxc4 33. e5 Rxc2 34. e6 fxe6 35. Qxe6+ Kg7 36. Qe5+ Kh6 37. Qf4+ 1-0

[Event "*** Titled Tuesday Blitz"]
[Site "Chess.com"]
[Date "2019.08.06"]
[Round "10"]
[White "12teen"]
[Black "RoelandPruijssers"]
[Result "1-0"]
[WhiteElo "2654"]
[BlackElo "2500"]
[TimeControl "180+2"]
[EndTime "15:20:32 PDT"]
[Termination "12teen won by resignation"]

1. g3 Nf6 2. Bg2 d5 3. d3 c6 4. Nc3 Bg4 5. h3 Bh5 6. g4 Bg6 7. f4 e6 8. Bd2 d4 9. Ne4 Nxe4 10. dxe4 Qh4+ 11. Kf1 h6 12. f5 Bh7 13. Nf3 Qd8 14.
Bf4 Bc5 15. Be5 O-O 16. Bxd4 Qb6 17. Bc3 Na6 18. a3 Rfd8 19. Qe1 Be3 20. Ne5 Nc5 21. Nc4 Qc7 22. Nxe3 Nxe4 23. Bxe4 Qf4+ 24. Bf3 Qxe3 25. Rg1 e5 26. Qf2 Qf4 27. e3 Qc4+ 28. Be2 Qc5 29. e4 Qe7 30. h4 f6 31. g5 fxg5 32. hxg5 hxg5 33. Bc4+ Kf8 1-0

[Event "*** Titled Tuesday Blitz"]
[Site "Chess.com"]
[Date "2019.08.06"]
[Round "10"]
[White "champ2005"]
[Black "jefferyx"]
[Result "0-1"]
[WhiteElo "2880"]
[BlackElo "2945"]
[TimeControl "180+2"]
[EndTime "15:20:41 PDT"]
[Termination "jefferyx won by resignation"]

1. e4 e6 2. d4 d5 3. Nc3 Bb4 4.
exd5 exd5 5. Bd3 Nc6 6. Ne2 Nge7 7. O-O Bg4 8. f3 Bh5 9. a3 Bd6 10. Nb5 Bg6 11. Nxd6+ Qxd6 12. Bf4 Qd7 13. c3 O-O-O 14.
a4 Rde8 15. a5 Bxd3 16. Qxd3 Qf5 17. Qxf5+ Nxf5 18. Kf2 a6 19. Ng3 Nxg3 20. hxg3 h5 21. Rh1 Kd7 22. Bd2 Re6 23. Be3 Rhe8 24. Rhe1 f6 25. b3 Ne7 26. Bd2 Rxe1 27. Rxe1 Nc6 28.
Ra1 Re6 29. Be3 g6 30. Bd2 Ne7 31. c4 Nf5 32. Bc3 Rc6 33. g4 hxg4 34. c5 g3+ 35. Ke2 Re6+ 36. Kd2 Nh4 37. Rg1 g5 38. Kd3 f5 39.
Bd2 f4 40. Bc1 Kc6 41. Bd2 Kb5 42. Bc1 Kxa5 43. Bd2+ Kb5 44. b4 b6 45. cxb6 cxb6 46. Kc3 Re2 0-1

[Event "*** Titled Tuesday Blitz"]
[Site "Chess.com"]
[Date "2019.08.06"]
[Round "10"]
[White "Marcus_Harvey"]
[Black "ChainsOfFantasia"]
[Result "1-0"]
[WhiteElo "2768"]
[BlackElo "2486"]
[TimeControl "180+2"]
[EndTime "15:20:56 PDT"]
[Termination "Marcus_Harvey won by resignation"]

1. Nf3 Nf6 2. b3 e6 3. Bb2 d5 4. e3 Be7 5. Be2 O-O 6. O-O c5 7. c4 Nc6 8. cxd5 exd5 9. d4 Bg4 10.
dxc5 Bxc5 11. Nc3 a6 12. Rc1 Ba7 13. Na4 Qe7 14. Bxf6 Qxf6 15. Qxd5 Rad8 16. Qe4 Bf5 17. Qh4 Qxh4 18. Nxh4 Bc8 19. Bxa6 Rd2 20. Bb5 Ne5 21. Nc3 g5 22. Nf3 Nxf3+ 23. gxf3 g4 24. fxg4 Bxg4 25. Ne4 Rxa2 26. Nf6+ Kh8 27. Nxg4 Rg8 28. h3 h5 29. Ra1 Rxa1 30. Rxa1 Bc5 31. Ra4 f5 32. Bd7 fxg4 33.
hxg4 hxg4 34. Rxg4 Rxg4+ 35. Bxg4 b5 36. Kf1 b4 37. Ke2 Kg7 38. f4 Kf6 39. e4 Bf8 40.
e5+ Kg6 41. Kd3 Be7 42. Ke4 Bf8 43. f5+ Kg5 44. Be2 Be7 45. f6 Bf8 46. Bd3 Bh6 47.
Kd5 Bf8 48. Ke6 Kf4 49. Kf7 Bc5 50. e6 1-0

[Event "*** Titled Tuesday Blitz"]
[Site "Chess.com"]
[Date "2019.08.06"]
[Round "10"]
[White "AbasovN"]
[Black "Atakishiyev04"]
[Result "0-1"]
[WhiteElo "2872"]
[BlackElo "2686"]
[TimeControl "180+2"]
[EndTime "15:21:06 PDT"]
[Termination "Atakishiyev04 won by resignation"]

1. e4 e6 2. Nf3 d5 3. exd5 exd5 4. d4 Nf6 5. Bd3 Bd6 6. O-O O-O 7. h3 Re8 8. c4 dxc4 9. Bxc4 Nc6 10. Nc3 Bf5 11. Bg5 h6 12. Bh4 a6 13. a3 g5 14.
Bg3 Bg6 15. Ba2 Bxg3 16. fxg3 Qd6 17. g4 Rad8 18. Kh1 Kg7 19. Qb3 b5 20. d5 Ne5 21.
Nxe5 Rxe5 22. Rf2 Rde8 23. Raf1 Re1 24. Nd1 Ne4 0-1

[Event "*** Titled Tuesday Blitz"]
[Site "Chess.com"]
[Date "2019.08.06"]
[Round "10"]
[White "FredddieCroderg"]
[Black "jposthuma"]
[Result "1-0"]
[WhiteElo "2172"]
[BlackElo "2403"]
[TimeControl "180+2"]
[EndTime "15:21:06 PDT"]
[Termination "FredddieCroderg won by checkmate"]

1. d4 Nf6 2. Bg5 d5 3. e3 Nbd7 4. Bd3 c5 5. c3 h6 6. Bh4 e6 7. Nd2 Be7 8. f4 b6 9. Ngf3 Bb7 10. Qc2 Qc8 11. Ne5 Ba6 12. O-O Bxd3 13. Qxd3 O-O 14. Ndf3 Bd8 15. Kh1 Ne4 16. Bxd8 Rxd8 17.
g4 cxd4 18. exd4 b5 19. Rac1 Rb8 20. Rc2 Nxe5 21. fxe5 Qc4 22. Qd1 Qxa2 23. Rg2 b4 24. g5 hxg5 25. Nxg5 Nxg5 26. Rxg5 bxc3 27. Qg4 g6 28.
Rxg6+ fxg6 29. Qxg6+ Kh8 30. Rg1 Rd7 31. Qf6+ Kh7 32.
Qh4# 1-0

[Event "*** Titled Tuesday Blitz"]
[Site "Chess.com"]
[Date "2019.08.06"]
[Round "10"]
[White "iLuusions"]
[Black "valeriocarnicelli"]
[Result "0-1"]
[WhiteElo "2543"]
[BlackElo "2453"]
[TimeControl "180+2"]
[EndTime "15:21:20 PDT"]
[Termination "valeriocarnicelli won by resignation"]

1. d4 d5 2. c4 c6 3. Nf3 Nf6 4. Nc3 dxc4 5. a4 Bf5 6. e3 e6 7. Bxc4 Bb4 8. O-O O-O 9. Nh4 Nbd7 10. Nxf5 exf5 11. h3 g6 12. g4 fxg4 13. hxg4 c5 14.
dxc5 Nxc5 15. Nd5 Nxd5 16. Bxd5 Qh4 17. e4 Ne6 18. Qf3 Bd6 19. Qg2 Nf4 20. Bxf4 Bxf4 21. Ra3 Rac8 22. Rh3 Qg5 23. b3 Rc2 24. Bxb7 Rd8 25. Bd5 Rdc8 26. Bc4 Rd8 27. Bd5 Rdc8 28. Rd1 Rc1 29. Rd3 R8c3 30. Rd4 Be5 31. Bxf7+ Kxf7 32. Rd5 Rxd1+ 33. Rxd1 Rc1 34. Qf3+ Qf4 35. Qd3 Qxg4+ 0-1

[Event "*** Titled Tuesday Blitz"]
[Site "Chess.com"]
[Date "2019.08.06"]
[Round "10"]
[White "Micki-taryan"]
[Black "Msb2"]
[Result "1-0"]
[WhiteElo "2957"]
[BlackElo "2854"]
[TimeControl "180+2"]
[EndTime "15:21:22 PDT"]
[Termination "Micki-taryan won by resignation"]

1. c4 e6 2. Nf3 d5 3. e3 Nf6 4. b3 c5 5. Bb2 Nc6 6. cxd5 exd5 7. Bb5 Bd6 8. O-O O-O 9. d4 cxd4 10. Nxd4 Bc7 11. Be2 Qd6 12. g3 a6 13. Ba3 Qe5 14. Bxf8 Kxf8 15. Nc3 Bb6 16. Nxc6 bxc6 17. Rc1 Bh3 18. Re1 Ba7 19. Bf3 h5 20. Na4 Qd6 21. Qc2 Nd7 22. Bg2 Bxg2 23. Kxg2 c5 24. Qh7 Qc6 25.
Qh8+ Ke7 26. Qxg7 Nf6 27. Qg5 Rg8 28. Qe5+ Kd7 29. Nxc5+ Bxc5 30. Rxc5 Qxc5 31. Qxf6 Qe7 32. Qxe7+ Kxe7 33. Rc1 Kd6 34. b4 a5 35. b5 a4 36.
Rc6+ Kd7 37. Ra6 Rb8 38. Rxa4 Rxb5 39. Rh4 Ra5 40. Rxh5 Ke6 41. e4 1-0

[Event "*** Titled Tuesday Blitz"]
[Site "Chess.com"]
[Date "2019.08.06"]
[Round "10"]
[White "Blitzking642"]
[Black "S-Fazulyanov"]
[Result "0-1"]
[WhiteElo "2380"]
[BlackElo "2438"]
[TimeControl "180+2"]
[EndTime "15:21:25 PDT"]
[Termination "S-Fazulyanov won by resignation"]

1. d4 d5 2. c4 e6 3. Nc3 c6 4.
e4 dxe4 5. Nxe4 Bb4+ 6. Bd2 Qxd4 7. Bxb4 Qxe4+ 8. Ne2 Nd7 9. Qd6 Qe5 10. Qd2 Ngf6 11.
O-O-O c5 12. Bc3 Qc7 13. Ng3 O-O 14. h4 Ne5 15. h5 h6 16. Be2 b5 17. cxb5 Nd5 18.
Rh4 Bb7 19. f4 Nd7 20. Rg4 N7f6 21. Rh4 Nxc3 22. Qxc3 Rad8 23. Bd3 c4 24. Bc2 Rxd1+ 25.
Bxd1 Bxg2 26. Ne2 Ne4 27. Qe3 Rd8 28. Bc2 Rd3 29. Qg1 Bf3 30. Nd4 Qc5 31. Nxf3 Rxf3 32.
Qd1 Qe3+ 33. Kb1 Rf1 0-1

[Event "*** Titled Tuesday Blitz"]
[Site "Chess.com"]
[Date "2019.08.06"]
[Round "10"]
[White "K_A_S_T_O_R"]
[Black "GelmanAlexander"]
[Result "1-0"]
[WhiteElo "2782"]
[BlackElo "2573"]
[TimeControl "180+2"]
[EndTime "15:21:28 PDT"]
[Termination "K_A_S_T_O_R won by resignation"]

1. e4 c5 2. Nf3 e6 3. d4 cxd4 4. Nxd4 d6 5. c4 Nf6 6. Nc3 Be7 7. Be2 O-O 8. O-O a6 9. Be3 b6 10. Qd2 Bb7 11. f3 Nbd7 12. a4 Rb8 13. Rfc1 h5 14. b4 a5 15. bxa5 bxa5 16. Ndb5 Nc5 17. Rab1 Ba8 18. Rd1 Ne8 19. e5 d5 20. cxd5 exd5 21.
Qa2 Nc7 22. f4 Nxb5 23. Bxb5 Qc7 24. Rbc1 Rbc8 25. Nxd5 Bxd5 26. Rxd5 Rfd8 27. Rdxc5 Bxc5 28. Rxc5 Qxc5 29. Bxc5 Rxc5 30. Kf2 Rcd5 31. Ke3 Rd1 32. Be2 Rc1 33. Bxh5 Rc3+ 34. Kf2 Rd4 35. Qxf7+ Kh8 36.
Bg6 Rc2+ 37. Bxc2 1-0

[Event "*** Titled Tuesday Blitz"]
[Site "Chess.com"]
[Date "2019.08.06"]
[Round "10"]
[White "Dhaydon19"]
[Black "ALEXJR20"]
[Result "1-0"]
[WhiteElo "2582"]
[BlackElo "2177"]
[TimeControl "180+2"]
[EndTime "15:21:37 PDT"]
[Termination "Dhaydon19 won on time"]

1. e4 c5 2. Nf3 Nc6 3. Bc4 e6 4. O-O d5 5. exd5 exd5 6. Bb5 Nf6 7. Re1+ Be6 8. d4 Bd6 9. Ng5 O-O 10. Rxe6 fxe6 11.
Nxe6 Qb8 12. Nxf8 Bxh2+ 13. Kh1 Nxd4 14. Nxh7 Nxh7 15. Bd3 Nf6 16. Nc3 Qe5 17. Be3 Kf7 18.
g3 Bxg3 19. Kg2 Bf4 20. Bxd4 cxd4 21. Ne2 Rh8 22. Ng3 Ne4 23. Qf3 g5 24. Nxe4 Rh2+ 25.
Kf1 dxe4 26. Bxe4 b6 27. Re1 Kf6 28. Bd3 Qa5 29. Qe4 1-0

[Event "*** Titled Tuesday Blitz"]
[Site "Chess.com"]
[Date "2019.08.06"]
[Round "10"]
[White "Korchmar_Vasiliy"]
[Black "AliKa2810"]
[Result "0-1"]
[WhiteElo "2684"]
[BlackElo "2603"]
[TimeControl "180+2"]
[EndTime "15:21:41 PDT"]
[Termination "AliKa2810 won by resignation"]

1. d4 Nf6 2. Nf3 g6 3. Bg5 Bg7 4. Nbd2 d5 5. e3 O-O 6. Be2 c5 7. c3 b6 8. O-O Nc6 9. a4 Re8 10.
Ne5 Nxe5 11. dxe5 Nd7 12. f4 Bb7 13. a5 f6 14. a6 Bc6 15. Bh4 fxe5 16. f5 e4 17.
fxg6 hxg6 18. Nxe4 dxe4 19. Bc4+ Kh7 20. Bf7 Ne5 21.
Bxe8 Qxd1 22. Raxd1 Rxe8 23. Bg3 Nd3 24. Rf7 Kg8 25. Rdf1 Bb5 26. Bh4 Ne5 27. Rxe7 Rxe7 28. Bxe7 Bxf1 29. Kxf1 Nc6 30. Bd6 Be5 31. Bxe5 Nxe5 32.
Ke2 Kf7 33. h3 Nc6 34. b3 Nb8 35. b4 cxb4 36. cxb4 Nxa6 37. b5 Nc7 38. g4 Nxb5 0-1

[Event "*** Titled Tuesday Blitz"]
[Site "Chess.com"]
[Date "2019.08.06"]
[Round "10"]
[White "VladDobrov"]
[Black "HomayoonTofighi"]
[Result "1-0"]
[WhiteElo "2967"]
[BlackElo "2879"]
[TimeControl "180+2"]
[EndTime "15:21:44 PDT"]
[Termination "VladDobrov won by resignation"]

1. d4 Nf6 2. c4 e6 3. Nf3 Bb4+ 4. Nbd2 b6 5. a3 Bxd2+ 6. Qxd2 Bb7 7. e3 Ne4 8. Qc2 O-O 9. Be2 d6 10. O-O Nd7 11. b4 f5 12. Bb2 Rf6 13. d5 Rg6 14.
Nd4 exd5 15. Nxf5 Qg5 16. Ng3 Nxg3 17. hxg3 Rf8 18. cxd5 Nf6 19. e4 Rf7 20. Rac1 Rh6 21. Qd3 Ng4 22. Bxg4 Qxg4 23. f4 Qh5 24. b5 Re7 25. f5 Bc8 26. Rf4 Rf7 27. Rh4 Qg5 28. Rxh6 Qxh6 29. Rf1 Qh5 30. Rf4 h6 31. a4 Qg5 32.
Qf3 Qe7 33. Bd4 a6 34. f6 gxf6 35. Bxf6 Qe8 36. Qh5 Kh7 37. Bg5 1-0

[Event "*** Titled Tuesday Blitz"]
[Site "Chess.com"]
[Date "2019.08.06"]
[Round "10"]
[White "Faustregel"]
[Black "Winehouse83"]
[Result "0-1"]
[WhiteElo "2510"]
[BlackElo "2611"]
[TimeControl "180+2"]
[EndTime "15:21:45 PDT"]
[Termination "Winehouse83 won by resignation"]

1. e4 e5 2. Nf3 Nc6 3. Bc4 Bc5 4. d3 Nf6 5. h3 O-O 6. c3 a5 7. Qe2 h6 8. Nbd2 d6 9. Nf1 Be6 10. Bxe6 fxe6 11. Be3 b6 12. a3 Bxe3 13. Nxe3 Nh5 14. g3 Qf6 15. Nd2 Qg6 16. Qg4 Ne7 17. Qh4 Rf7 18. Rh2 a4 19. Rg2 Raf8 20. Ke2 d5 21.
Ng4 dxe4 22. dxe4 Nc6 23. Rd1 Rd7 24. f3 Qf7 25. Rf2 Rfd8 26. Ke1 Ne7 27. Ne3 g5 28. Qg4 Nf6 0-1

[Event "*** Titled Tuesday Blitz"]
[Site "Chess.com"]
[Date "2019.08.06"]
[Round "10"]
[White "Karina_Ivanova"]
[Black "Lion_DL"]
[Result "1-0"]
[WhiteElo "2203"]
[BlackElo "2348"]
[TimeControl "180+2"]
[EndTime "15:21:55 PDT"]
[Termination "Karina_Ivanova won by resignation"]

1. g3 Nc6 2. Bg2 d5 3. Nf3 e5 4. d3 h6 5. O-O Nf6 6. c4 Be6 7. cxd5 Nxd5 8. Nc3 Bc5 9. Bd2 O-O 10. Rc1 Bb6 11.
Na4 Qe7 12. a3 Rad8 13. Nxb6 axb6 14. b4 f6 15. Qc2 Rd7 16. e4 Ndxb4 17. axb4 Nxb4 18.
Bxb4 Qxb4 19. Rfd1 Rfd8 20. Bf1 Kh7 21. d4 exd4 22.
e5+ f5 23. Bd3 g6 24. g4 Qf8 25. Nh4 Rg7 26. Kf1 Qe7 27. Nxg6 Kxg6 28. gxf5+ Bxf5 29. Bxf5+ Kf7 30. Qxc7 Ke8 31. Qxe7+ Rxe7 32. e6 Rd5 33. Rc8+ 1-0

[Event "*** Titled Tuesday Blitz"]
[Site "Chess.com"]
[Date "2019.08.06"]
[Round "10"]
[White "KacperPolOK"]
[Black "Witaliss"]
[Result "1/2-1/2"]
[WhiteElo "2412"]
[BlackElo "2412"]
[TimeControl "180+2"]
[EndTime "15:21:59 PDT"]
[Termination "Game drawn by agreement"]

1. e4 c6 2. d4 d5 3. Nc3 dxe4 4. Nxe4 Nd7 5. Ng5 Ngf6 6. Bd3 e6 7. Qe2 Bd6 8. N1f3 h6 9. Ne4 Nxe4 10. Qxe4 Nf6 11.
Qh4 Nd5 12. Qxd8+ Kxd8 13. c4 Nf4 14. Bf1 b6 15. Be3 Bb7 16. g3 Ng6 17. c5 Bc7 18.
Bc4 Ne7 19. Ne5 Bxe5 20. dxe5 b5 21. Be2 Nd5 22. Rd1 Ke7 23. Bf3 a5 24. Ke2 a4 25. Bxd5 cxd5 26. Bd4 Bc6 27. Ke3 h5 28.
f4 g6 29. Rhf1 b4 30. h3 b3 31. a3 Bb5 32. Rh1 Rac8 33. g4 hxg4 34. hxg4 Bc6 35.
Rdf1 Bb5 36. Rc1 Bc6 37. Kd2 Rcg8 38. Kc3 Rb8 39. Rcf1 Bb5 40. Re1 Kd7 41. Rxh8 Rxh8 42. f5 gxf5 43. gxf5 Kc6 44. f6 Rh3+ 45. Kb4 Rh4 46.
Kc3 Rh3+ 47. Re3 Rxe3+ 48. Bxe3 Kb7 49. Kb4 Bc6 50. Ka5 Ka7 51. Bh6 Kb7 52. Bf8 Bd7 53. Be7 Bc6 54. Kb4 Kc7 55. Bd6+ Kb7 56. Kc3 Kc8 57.
Bf8 Kb7 58. Kb4 1/2-1/2

[Event "*** Titled Tuesday Blitz"]
[Site "Chess.com"]
[Date "2019.08.06"]
[Round "10"]
[White "Komissarov_alex"]
[Black "DiogenesSinopeus"]
[Result "0-1"]
[WhiteElo "2170"]
[BlackElo "2373"]
[TimeControl "180+2"]
[EndTime "15:22:01 PDT"]
[Termination "DiogenesSinopeus won on time"]

1. d4 Nf6 2. Nf3 e6 3. e3 b6 4.
Nbd2 Bb7 5. Bd3 c5 6. c3 Nc6 7. O-O Be7 8. e4 cxd4 9. cxd4 Nb4 10. Bb1 Ba6 11. Re1 Nd3 12. Bxd3 Bxd3 13. d5 Bb4 14. dxe6 fxe6 15. Re3 Ba6 16. Qa4 Bxd2 17. Bxd2 Bb7 18. Bb4 Bxe4 19. Ng5 b5 20. Qxb5 Rb8 21. Qa4 Nd5 22.
Rxe4 Qxg5 23. Rxe6+ Kd8 0-1

[Event "*** Titled Tuesday Blitz"]
[Site "Chess.com"]
[Date "2019.08.06"]
[Round "10"]
[White "hurricane7791"]
[Black "albi1999"]
[Result "1-0"]
[WhiteElo "2721"]
[BlackElo "2512"]
[TimeControl "180+2"]
[EndTime "15:22:02 PDT"]
[Termination "hurricane7791 won by resignation"]

1. d4 Nf6 2. c4 e6 3. Nc3 Bb4 4. Qc2 d5 5. cxd5 exd5 6. Bg5 h6 7. Bh4 c5 8. dxc5 g5 9. Bg3 Ne4 10. e3 Qa5 11. Rc1 Qxa2 12. Bb5+ Bd7 13. Bxd7+ Nxd7 14. Ne2 Nxc3 15. Nxc3 Qc4 16. Rd1 Nxc5 17. Rd4 Qa6 18. h4 Bxc3+ 19. Qxc3 Rc8 20. hxg5 Nd3+ 21. Qxd3 Rc1+ 22. Kd2 Qxd3+ 23. Kxc1 Qb3 24. gxh6 Ke7 25. h7 Rc8+ 26. Kb1 Rc2 27. Re4+ dxe4 28. h8=Q Qd3 29. Bh4+ Ke6 30. Qe8+ Kd5 31. Qd7+ Kc4 32. Qxf7+ Kc5 33. Qc7+ Kd5 34. Qxc2 1-0

[Event "*** Titled Tuesday Blitz"]
[Site "Chess.com"]
[Date "2019.08.06"]
[Round "10"]
[White "qqwow"]
[Black "Manukyan_Artak"]
[Result "1-0"]
[WhiteElo "2545"]
[BlackElo "2400"]
[TimeControl "180+2"]
[EndTime "15:22:08 PDT"]
[Termination "qqwow won by checkmate"]

1. d4 Nf6 2. c4 e6 3. Nc3 Bb4 4. a3 Bxc3+ 5. bxc3 c5 6. e3 d6 7. Bd3 b6 8. Ne2 Bb7 9. f3 Nbd7 10. O-O e5 11.
Ng3 g6 12. f4 exd4 13. cxd4 O-O 14. d5 b5 15. e4 bxc4 16. Bxc4 Nb6 17. Ba2 Re8 18.
Qc2 c4 19. Bb2 Ng4 20. h3 Nh6 21. Qc3 f6 22. Qxf6 Qxf6 23. Bxf6 Rac8 24. Rac1 Ba6 25.
Rfd1 Nf7 26. Re1 Bb5 27. h4 Ba4 28. h5 Bb3 29. Bb1 Na4 30. hxg6 hxg6 31. e5 dxe5 32. fxe5 c3 33. Bxg6 Bxd5 34. Nf5 Nb2 35. Re3 c2 36. Rh3 Rc4 37. Bh7+ Kf8 38. Bg7# 1-0

[Event "*** Titled Tuesday Blitz"]
[Site "Chess.com"]
[Date "2019.08.06"]
[Round "10"]
[White "NoGalloNoParty"]
[Black "cancrushyou"]
[Result "1-0"]
[WhiteElo "2327"]
[BlackElo "2502"]
[TimeControl "180+2"]
[EndTime "15:22:19 PDT"]
[Termination "NoGalloNoParty won on time"]

1. d4 Nf6 2. c4 e6 3. g3 d5 4.
Nf3 Be7 5. Bg2 O-O 6. O-O dxc4 7. a4 c5 8. Nc3 Nc6 9. Ne5 Nxd4 10. Nxc4 Nc6 11.
Bf4 Nb4 12. Qb3 Nfd5 13. Rfd1 f5 14. Ne3 Qa5 15. Nexd5 Nxd5 16. Rxd5 exd5 17. Nxd5 Be6 18. Nxe7+ Kf7 19. Bd5 Bxd5 20. Nxd5 c4 21. Qxc4 Qa6 22. Qb3 Qe6 23. Qxb7+ Kg8 24. Nc7 Qd7 25. Qb3+ 1-0

[Event "*** Titled Tuesday Blitz"]
[Site "Chess.com"]
[Date "2019.08.06"]
[Round "10"]
[White "capatl"]
[Black "StephenDedalus83"]
[Result "0-1"]
[WhiteElo "2553"]
[BlackElo "2791"]
[TimeControl "180+2"]
[EndTime "15:22:24 PDT"]
[Termination "StephenDedalus83 won by resignation"]

1. Nf3 g6 2. c4 Bg7 3. Nc3 c5 4. g3 Nc6 5. Bg2 e5 6. O-O Nge7 7.
d3 d6 8. Rb1 O-O 9. a3 a5 10.
Nd5 Nxd5 11. cxd5 Ne7 12. Nd2 a4 13. b4 axb3 14. Rxb3 Ra7 15. Nc4 Bd7 16. Nb6 Be8 17.
Qc2 Nc8 18. Qb1 Nxb6 19. Rxb6 Qc7 20. f4 Bd7 21. fxe5 Bxe5 22. Bf4 Bxf4 23. Rxf4 Rfa8 24. Rf6 Rxa3 25. Rxb7 Qd8 26. Qb2 Ra2 27. Qc3 R8a3 28. Rb3 Rxb3 29. Qxb3 Qxf6 30. Qxa2 Qd4+ 31. Kf1 h5 32. Qa7 Bg4 33. Qb8+ Kg7 34. Qxd6 Qe3 35. Bf3 Bxf3 36. exf3 Qxf3+ 37. Kg1 Qe3+ 38. Kg2 Qe2+ 39. Kg1 h4 40. gxh4 Qg4+ 41. Qg3 Qd4+ 42. Kg2 Qxd5+ 43. Qf3 Qe5 44. Qg3 Qe2+ 45. Kh3 Qf1+ 46. Qg2 Qxd3+ 47. Kg4 c4 0-1

[Event "*** Titled Tuesday Blitz"]
[Site "Chess.com"]
[Date "2019.08.06"]
[Round "10"]
[White "2nd_life"]
[Black "farzadbfd"]
[Result "0-1"]
[WhiteElo "2455"]
[BlackElo "2671"]
[TimeControl "180+2"]
[EndTime "15:22:30 PDT"]
[Termination "farzadbfd won by resignation"]

1. e4 e5 2. f4 Bc5 3. Nf3 d6 4.
Nc3 Nc6 5. Bb5 Ne7 6. d3 Bg4 7.
h3 Bxf3 8. Qxf3 a6 9. Bxc6+ Nxc6 10. Ne2 Nb4 11. Kd1 O-O 12. c3 Nc6 13. f5 b5 14.
g4 Qd7 15. g5 Rfd8 16. Kc2 b4 17. c4 a5 18. f6 a4 19. Kd1 Nd4 20. Nxd4 Bxd4 21.
Rh2 c6 22. Be3 Bxe3 23. Qxe3 d5 24. Rd2 Qe6 25. fxg7 dxc4 26. dxc4 Qxc4 27. Qe2 Qe6 28. Rc1 Qxa2 29. Rxc6 Qxb2 30. Rxd8+ Rxd8+ 31. Ke1 a3 0-1

[Event "*** Titled Tuesday Blitz"]
[Site "Chess.com"]
[Date "2019.08.06"]
[Round "10"]
[White "Schachspielerr"]
[Black "GadimbayliA"]
[Result "1-0"]
[WhiteElo "2680"]
[BlackElo "2866"]
[TimeControl "180+2"]
[EndTime "15:22:40 PDT"]
[Termination "Schachspielerr won by resignation"]

1. d4 Nf6 2. c4 b6 3. Nc3 Bb7 4. d5 e6 5. e4 exd5 6. cxd5 Bb4 7. Bd3 Qe7 8. Bg5 h6 9. Bxf6 Qxf6 10. Ne2 O-O 11.
O-O Na6 12. Rc1 Nc5 13. Bb1 Bxc3 14. Nxc3 a5 15. Re1 Rfe8 16. Nb5 Rac8 17. Qd2 Ba6 18.
Nc3 c6 19. Re3 Qg5 20. Rce1 h5 21. Qd4 Qe5 22. Qxe5 Rxe5 23. f4 Re7 24. e5 g6 25.
f5 f6 26. fxg6 Rxe5 27. Rxe5 fxe5 28. Rxe5 Rf8 29. Re1 b5 30. h3 b4 31. Ne4 Nxe4 32.
Bxe4 cxd5 33. Bxd5+ Kg7 34. Bf7 Kf6 35. Rd1 Rd8 36.
Rd6+ 1-0

[Event "*** Titled Tuesday Blitz"]
[Site "Chess.com"]
[Date "2019.08.06"]
[Round "10"]
[White "PNEPaul"]
[Black "Walter_White_Poland"]
[Result "0-1"]
[WhiteElo "1748"]
[BlackElo "2285"]
[TimeControl "180+2"]
[EndTime "15:22:40 PDT"]
[Termination "Walter_White_Poland won by resignation"]

1. e4 e5 2. Nf3 Nc6 3. Bc4 Nf6 4. Ng5 d5 5. exd5 Na5 6. d3 h6 7. Nf3 e4 8. dxe4 Nxc4 9. Qd4 b5 10. O-O Bg4 11. Nbd2 Nxd2 12. Nxd2 c5 13. Qe5+ Qe7 14. Qg3 Bd7 15. Re1 Nh5 16. Qe3 Qg5 17. f4 Nxf4 18.
Qg3 Qxg3 19. hxg3 Ng6 20. e5 Bf5 21. Nf3 Bxc2 22. Bf4 Nxf4 23. gxf4 c4 24. Rac1 Bd3 25. b3 Bc5+ 26. Kh2 O-O-O 27. bxc4 bxc4 28. Red1 Rxd5 29. Rxd3 cxd3 30. Nd2 Kb8 31. Rb1+ Bb6 32. a4 Ka8 33.
Nc4 d2 34. Rd1 Rc8 35. Rxd2 Rxd2 36. Nxd2 Rd8 0-1

[Event "*** Titled Tuesday Blitz"]
[Site "Chess.com"]
[Date "2019.08.06"]
[Round "10"]
[White "colegiodemadrid"]
[Black "MarianPetrov"]
[Result "1-0"]
[WhiteElo "2347"]
[BlackElo "2545"]
[TimeControl "180+2"]
[EndTime "15:22:45 PDT"]
[Termination "colegiodemadrid won by resignation"]

1. e4 g6 2. d4 Bg7 3. Nf3 d6 4. Bc4 Nf6 5. Qe2 O-O 6. e5 dxe5 7. dxe5 Nd5 8. h3 Nb6 9. Bb3 a5 10. a4 Na6 11. O-O Nc5 12. Rd1 Qe8 13. Nc3 Nxb3 14. cxb3 Be6 15. Nb5 Qc8 16. Nbd4 Bd5 17. Qb5 Qe8 18. Qc5 e6 19. Qxc7 Qd8 20. Qxd8 Rfxd8 21. Be3 Nd7 22. Rdc1 Nxe5 23. Nxe5 Bxe5 24. f4 Bf6 25. Rc7 Be4 26. Rd1 Ra6 27. Rd2 Rad6 28. Rc4 e5 29. fxe5 Bxe5 30. Nf3 Rxd2 31. Nxd2 Bd5 32. Rc5 f5 33. Rxa5 f4 34. Bb6 Rd7 35. Nc4 Bf6 36. Ra8+ Kg7 37. Bc5 g5 38. Nb6 Rc7 39.
Bf8+ 1-0

[Event "*** Titled Tuesday Blitz"]
[Site "Chess.com"]
[Date "2019.08.06"]
[Round "10"]
[White "Ravan_02"]
[Black "ArnaudovP"]
[Result "1-0"]
[WhiteElo "2617"]
[BlackElo "2656"]
[TimeControl "180+2"]
[EndTime "15:22:51 PDT"]
[Termination "Ravan_02 won by checkmate"]

1. Nf3 Nf6 2. g3 e6 3. Bg2 d5 4.
O-O c5 5. d3 Nc6 6. Nbd2 g6 7.
e4 Bg7 8. Re1 O-O 9. Qe2 a5 10.
Nf1 a4 11. e5 Nd7 12. Bf4 h6 13. h4 a3 14. b3 b5 15. c3 b4 16. c4 Nb6 17. Rad1 Bb7 18. Ne3 Nd4 19. Nxd4 cxd4 20. Ng4 Kh7 21. Qd2 h5 22. Bg5 Qc7 23. Nf6+ Bxf6 24.
Bxf6 dxc4 25. dxc4 Bxg2 26. Kxg2 Qb7+ 27. f3 Nd7 28.
Be7 Rfe8 29. Bd6 Nb8 30. Qxd4 Nc6 31. Qf4 Ra7 32. Qe4 Ne7 33. Qxb7 Rxb7 34. Bxe7 Rexe7 35.
Rd6 Rec7 36. Red1 Kg7 37. Kf2 g5 38. hxg5 Kg6 39. f4 Kf5 40. Kf3 Re7 41. Rh1 Kg6 42. Ke4 Rec7 43. Rh2 Rc8 44. Kf3 Rcc7 45. Rhd2 Kf5 46.
Rh2 Kg6 47. g4 hxg4+ 48. Kxg4 Rd7 49. f5+ Kg7 50. f6+ Kg8 51. Rhd2 Rdc7 52. Kh5 Kh7 53.
Rd8 Rc5 54. Kg4 Rxe5 55. Rh2+ Kg6 56. Rh6# 1-0

[Event "*** Titled Tuesday Blitz"]
[Site "Chess.com"]
[Date "2019.08.06"]
[Round "10"]
[White "novocane"]
[Black "norwaytoadog"]
[Result "0-1"]
[WhiteElo "2162"]
[BlackElo "2245"]
[TimeControl "180+2"]
[EndTime "15:22:51 PDT"]
[Termination "norwaytoadog won by resignation"]

1. d4 Nf6 2. c4 e6 3. Nc3 Bb4 4. e3 O-O 5. Ne2 Re8 6. a3 Bf8 7. e4 d5 8. e5 Ne4 9. Nxe4 dxe4 10. Ng3 c5 11. dxc5 Qc7 12. Bf4 f5 13. b4 a5 14. Be2 Nc6 15. O-O axb4 16. axb4 Rxa1 17.
Qxa1 Nxb4 18. Rb1 Bxc5 19. Rxb4 Bxf2+ 20. Kf1 Bc5 21. Rb5 Rd8 22. h4 h6 23. h5 b6 24. Rb1 Qe7 25. Rd1 Rxd1+ 26. Qxd1 Qh4 27. Qd2 Ba6 28. Qd7 Qxf4+ 0-1